 Dungeon Crawl Stone Soup version 0.29-a0-333-gb4c28e87c6 (webtiles) character file.

Game seed: 6694754806217456439

5442 Murumi the Cleaver (level 10, -2/93 HPs)
             Began as a Hill Orc Fighter on Apr 13, 2022.
             Slain by an orc warrior
             ... wielding a +2 scimitar of protection
              (17 damage)
             ... on level 9 of the Dungeon.
             The game lasted 00:26:46 (11294 turns).

Murumi the Cleaver (Hill Orc Fighter)              Turns: 11294, Time: 00:26:46

Health: -2/93      AC: 14    Str: 20    XL:     10   Next: 68%
Magic:  10/10      EV:  5    Int:  8    God:
Gold:   404        SH: 14    Dex: 14    Spells: 9/9 levels left

rFire   + . .      SeeInvis .   a - +1 war axe
rCold   + . .      Faith    +   k - +3 kite shield
rNeg    . . .      Spirit   .   f - +0 plate armour
rPois   .          Reflect  .   (no helmet)
rElec   .          Harm     .   (no cloak)
rCorr   .          Rampage  .   j - +0 pair of gloves
Will    .....                   (no boots)
Stlth   ..........              l - amulet of faith
HPRegen 0.25/turn               i - ring of protection from fire
MPRegen 0.12/turn               m - ring of protection from cold

@: no status effects
A: no striking features
a: no special abilities


You were on level 9 of the Dungeon.
You visited 2 branches of the dungeon, and saw 10 of its levels.

You collected 404 gold pieces.

Inventory:

Hand Weapons
 a - a +1 war axe (weapon)
Armour
 f - a +0 plate armour (worn)
 j - a +0 pair of gloves (worn)
 k - a +3 kite shield (worn)
Jewellery
 i - a ring of protection from fire (left hand)
 l - an amulet of faith (around neck)
 m - a ring of protection from cold (right hand)
Wands
 b - a wand of flame (23)
 p - a wand of polymorph (11)
Scrolls
 d - a scroll of amnesia
 q - a scroll of teleportation
Potions
 c - a potion of berserk rage
 e - 4 potions of brilliance
 g - a potion of mutation
 h - a potion of flight
 n - a potion of magic
 o - a potion of haste
 r - a potion of might


   Skills:
 - Level 10.0 Fighting
 - Level 11.0 Axes
 - Level 8.0 Armour
 - Level 2.0 Dodging
 + Level 8.9 Shields
 - Level 3.0 Evocations


You had 9 spell levels left.
You didn't know any spells.
Your spell library contained the following spells:

 Spells                   Type           Power      Damage    Failure   Level
 Magic Dart               Conj           0%         1d3       100%        1
 Searing Ray              Conj           0%         2d4       100%        2
 Fulminant Prism          Conj/Hex       0%         3d6       100%        4


Dungeon Overview and Level Annotations

Branches:
Dungeon (9/15)             Temple (1/1) D:5
   Lair: D:8-11         Orc: D:9-12

Altars:
Ashenzari
Cheibriados
Dithmenos
Elyvilon
Fedhas
Gozag
Hepliaklqana
Kikubaaqudgha
Makhleb
Nemelex Xobeh
Okawaru
Qazlal
Ru
Sif Muna
Trog
Uskayaw
Vehumet
Wu Jian
Xom
Yredelemnul
Zin
The Shining One

Shops:
D:8 =

Annotations:
D:7 4 runed translucent doors


Message History

Your mind is blasted!
You are too injured to fight recklessly!
You hit the orc warrior but do no damage.
The orc warrior is severely wounded.
You hit the orc. x2; The orc hits you but does no damage.
The orc barely misses you.
The orc warrior hits you with a +2 scimitar of protection!
You hit the orc warrior.
The orc warrior is severely wounded.
You hit the orc but do no damage. You barely miss the orc.
You block the orc warrior's attack. The orc hits you but does no damage.
The orc hits you with a +0 dagger.
You closely miss the orc warrior.
The orc warrior is severely wounded.
You closely miss the orc. You hit the orc but do no damage.
You block the orc's attack. x2
The orc warrior hits you with a +2 scimitar of protection!
* * * LOW HITPOINT WARNING * * *
You block the orc warrior's attack. The orc hits you but does no damage.
The orc completely misses you.
You barely miss the orc warrior.
The orc warrior is severely wounded.
You closely miss the orc. You slash the orc!
You kill the orc!
The orc hits you but does no damage.
You barely miss the orc warrior.
The orc warrior is severely wounded.
You closely miss the orc.
The orc warrior hits you with a +2 scimitar of protection!
* * * LOW HITPOINT WARNING * * *
The orc hits you but does no damage.
Unknown command.
You hit the orc warrior but do no damage.
The orc warrior is severely wounded.
You hit the orc.
You kill the orc!
You slash the orc!
You kill the orc!
The orc warrior hits you with a +2 scimitar of protection!
You die...

.............#
#............#
######...........#
.<...............#
.................# #.
#####............## ##..
#.............### #....
##...........o)..##...#
##...#....#...@).......#
###...###..####.##......##
##..### #..# ####......##
...## #..# ##......# ..##
#.## #........ ...## #.#
#........ ....# #.#
#........ ....# #.#
#.......# ....# #.#
#......##


You could see an orc warrior.

Vanquished Creatures
  A two-headed ogre (D:9)
  Maggie (D:6)
  A hornet (D:8)
  Grinder (D:6)
  Prince Ribbit (D:6)
  Eustachio (D:5)
  2 steam dragons (D:8)
  An acid dragon (D:8)
  3 water moccasins
  2 sky beasts
  3 orc warriors
  2 black bears
  4 centaurs
  4 kobold brigands
  4 bullfrogs
  A scorpion (D:3)
  A gnoll sergeant (D:9)
  3 necrophages
  5 wights (D:6)
  10 killer bees
  4 hounds
  3 jellies
  Natasha (thrice) (D:2)
  2 iguanas
  3 orc wizards
  4 gnolls
  10 adders
  A shadow imp (D:6)
  3 white imps
  A worm (D:3)
  3 dart slugs (D:1)
  30 orcs
  6 bats
  6 endoplasms
  3 giant cockroaches
  11 goblins
  6 hobgoblins
  7 jackals
  25 kobolds
  7 quokkas
  9 ball pythons
  5 frilled lizards
  14 rats
217 creatures vanquished.

Vanquished Creatures (others)
  2 fungi (D:7)
2 creatures vanquished.

Grand Total: 219 creatures vanquished

Notes
Turn   | Place    | Note
-------+----------+-------------------------------------------
     0 | D:1      | Murumi the Hill Orc Fighter began the quest for the Orb.
     0 | D:1      | Reached XP level 1. HP: 19/19 MP: 1/1
    52 | D:1      | Reached skill level 3 in Axes
   220 | D:1      | Reached XP level 2. HP: 26/27 MP: 2/2
   466 | D:1      | Reached XP level 3. HP: 25/33 MP: 3/3
  1072 | D:1      | Reached XP level 4. HP: 40/40 MP: 4/4
  1371 | D:2      | Noticed Natasha
  1381 | D:2      | Killed Natasha
  1382 | D:2      | Reached skill level 4 in Axes
  1549 | D:2      | Reached skill level 1 in Dodging
  1783 | D:2      | Noticed Natasha
  1801 | D:2      | Killed Natasha
  1988 | D:2      | Noticed Natasha
  2002 | D:2      | Killed Natasha
  2003 | D:2      | Reached skill level 5 in Axes
  2003 | D:2      | Reached XP level 5. HP: 41/46 MP: 5/5
  2756 | D:3      | Reached skill level 5 in Fighting
  2756 | D:3      | Reached XP level 6. HP: 46/56 MP: 6/6
  2960 | D:3      | Reached skill level 6 in Axes
  3252 | D:3      | Found a shimmering altar of Xom.
  3256 | D:3      | Found a shimmering altar of Xom.
  3256 | D:3      | Found a shimmering altar of Xom.
  3256 | D:3      | Found a shimmering altar of Xom.
  3266 | D:3      | Found a shimmering altar of Xom.
  4163 | D:4      | Identified the +4 short sword of the King {spect, rElec
                  | rC+}
  4166 | D:5      | Entered Level 5 of the Dungeon
  4185 | D:5      | Noticed Eustachio
  4185 | D:5      | Noticed a water moccasin
  4192 | D:4      | Reached skill level 7 in Axes
  4202 | D:4      | Reached XP level 7. HP: 50/61 MP: 7/7
  4290 | D:5      | Found a staircase to the Ecumenical Temple.
  4308 | D:5      | Reached skill level 5 in Shields
  4916 | D:5      | Reached skill level 5 in Armour
  5053 | D:5      | Killed Eustachio
  5054 | D:5      | Reached skill level 8 in Axes
  5054 | D:5      | Reached XP level 8. HP: 54/71 MP: 8/8
  5584 | Temple   | Entered the Ecumenical Temple
  6526 | D:6      | Reached skill level 9 in Axes
  6828 | D:6      | Reached XP level 9. HP: 35/80 MP: 9/9
  7251 | D:6      | Reached skill level 1 in Evocations
  7635 | D:6      | Noticed Maggie
  7650 | D:6      | Killed Maggie
  7699 | D:6      | Noticed Grinder
  7715 | D:6      | Killed Grinder
  7716 | D:6      | Reached skill level 10 in Axes
  7967 | D:6      | Noticed Prince Ribbit
  7987 | D:6      | Killed Prince Ribbit
  8353 | D:7      | Found a white marble altar of Elyvilon.
  8397 | D:7      | Reached XP level 10. HP: 84/91 MP: 10/10
  8429 | D:7      | Found a radiant altar of Vehumet.
  8598 | D:7      | Found an opulent altar of Gozag.
  8621 | D:7      | Found a huge runed translucent gate.
  8621 | D:7      | Found a huge runed translucent gate.
  8623 | D:7      | Found a huge runed translucent gate.
  8624 | D:7      | Found a huge runed translucent gate.
  8624 | D:7      | Noticed a death yak
  9440 | D:8      | HP: 4/91 [steam dragon/ball of steam (4)]
  9441 | D:8      | HP: 1/91 [steam dragon (3)]
  9806 | D:8      | Found Pusho's Jewellery Shoppe.
  9887 | D:8      | Reached skill level 11 in Axes
 10236 | D:9      | Noticed a two-headed ogre
 10242 | D:9      | Killed a two-headed ogre
 10243 | D:9      | Reached skill level 10 in Fighting
 11164 | D:9      | Found a hide-covered altar of Uskayaw.
 11164 | D:9      | Found an iron altar of Okawaru.
 11294 | D:9      | Slain by an orc warrior

Illustrated notes

Levels and vault maps discovered:
D:1:      dpeg_arrival_court, layout_basic, minmay_tromino_mix6
D:2:      layout_basic, guppyfry_early_lair_pool, uniq_natasha
D:3:      layout_basic, xom_redecorated, item_on_display_a
D:4:      layout_rooms
D:5:      layout_rooms, minmay_temple_entry_drinking_statues, uniq_eustachio
D:6:      layout_gridville, grunt_ministairs_12, minmay_diced_spiral,
          uniq_grinder, uniq_maggie, uniq_prince_ribbit1
D:7:      lemuel_bear_cage, layout_basic, overflow_temple_1_default,
          kennysheep_mini, nicolae_vehumet_radiance, st_stairs_10,
          minmay_misc_feat_plants
D:8:      layout_cave_pools, serial_shops, shop_statue
D:9:      layout_layer_cave, gammafunk_temple_overflow_elements
Temple:   lightli_temple_of_artemis

Skill      XL: |  1  2  3  4  5  6  7  8  9 10 |
---------------+-------------------------------+-----
Axes           | 3 5 7 8 9 10 11 | 11.0
Fighting       | 4 5 6 7 9 10 | 10.0
Armour         | 4 5 6 7 8 |  8.0
Shields        | 4 5 6 7 8 |  8.9
Dodging        | 1 2 |  2.0
Evocations     | 3 |  3.0

Action                   |  1- 3 |  4- 6 |  7- 9 | 10-12 || total
-------------------------+-------+-------+-------+-------++-------
Melee: War axe           |   119 |   206 |   333 |   187 ||   845
Evoke: Wand              |       |       |       |     3 ||     3
  Use: Scroll            |     1 |     7 |     6 |     6 ||    20
       Potion            |       |       |     3 |       ||     3
Armor: Scale mail        |    59 |    92 |    79 |       ||   230
       Skin              |       |       |     4 |       ||     4
       Plate armour      |       |       |    59 |   102 ||   161
Dodge: Dodged            |    76 |    86 |    79 |    43 ||   284
Block: Buckler           |    36 |    27 |       |       ||    63
       Kite shield       |       |    39 |   160 |   177 ||   376

Table legend: (Time is in decaauts)
 A = Elapsed time spent in this place.
 B = Non-inter-level travel time spent in this place.
 C = Inter-level travel time spent in this place.
 D = Time resting spent in this place.
 E = Time spent auto-exploring this place.
 F = Levels seen in this place.
 G = Mean time per level.
                   A        B        C        D        E       F      G
               +--------+--------+--------+--------+--------+-----+--------+
         Total |  11541 |  10704 |    837 |   1492 |   7203 |  10 | 1154.1 |
       Dungeon |  11434 |  10616 |    818 |   1492 |   7120 |   9 | 1270.4 |
        Temple |    106 |     88 |     18 |      0 |     83 |   1 |  106.0 |
               +--------+--------+--------+--------+--------+-----+--------+

Top non-repeatable levels by time:
     D:6: 2223 daAuts
     D:7: 1496 daAuts
     D:2: 1423 daAuts
     D:1: 1351 daAuts
     D:5: 1323 daAuts
     D:4: 1039 daAuts
     D:3: 982 daAuts
     D:9: 872 daAuts
     D:8: 722 daAuts
  Temple: 106 daAuts
